 Dungeon Crawl Stone Soup version 0.25.1-4-g9407a263a5 (webtiles) character file.

Game seed: 15833834446265776251

125 Clowwww the Chopper (level 4, -1/34 HPs)
             Began as a Demonspawn Gladiator on Nov 27, 2020.
             Killed from afar by an orc wizard (10 damage)
             ... with a puff of flame
             ... on level 3 of the Dungeon.
             The game lasted 00:05:31 (2421 turns).

Clowwww the Chopper (Demonspawn Gladiator)          Turns: 2421, Time: 00:05:32

Health: -1/34      AC:  6    Str: 15    XL:     4   Next: 82%
Magic:  4/4        EV: 13    Int: 10    God:
Gold:   86         SH:  0    Dex: 14    Spells: 3/3 levels left

rFire    . . .     SeeInvis .   a - +0 war axe
rCold    . . .     Gourm    .   (no shield)
rNeg     . . .     Faith    .   b - +0 leather armour
rPois    .         Spirit   .   c - +0 helmet
rElec    .         Reflect  .   (no cloak)
rCorr    .         Harm     .   (no gloves)
MR       .....                  (no boots)
Stlth    +.........             (no amulet)
HPRegen  0.11/turn              (no ring)
MPRegen  0.09/turn              (no ring)

@: confused
A: icy blue scales 1, rot immunity
a: no special abilities


You were on level 3 of the Dungeon.
You were very hungry.

You visited 1 branch of the dungeon, and saw 3 of its levels.

You collected 86 gold pieces.

Inventory:

Hand Weapons
 a - a +0 war axe (weapon)
Missiles
 d - 3 throwing nets (quivered)
 o - 3 boomerangs
Armour
 b - a +0 leather armour (worn)
 c - a +0 helmet (worn)
 p - a +0 buckler
Jewellery
 l - an uncursed amulet of faith
Scrolls
 g - a scroll of remove curse
 i - 3 scrolls of teleportation
 n - a scroll of immolation {unknown}
Potions
 e - a potion of ambrosia {unknown}
Comestibles
 f - 4 rations


   Skills:
 + Level 2.4 Fighting
 + Level 3.9 Axes
 + Level 1.8 Throwing
 + Level 1.5 Armour
 + Level 3.3 Dodging
 + Level 0.5 Stealth


You had 3 spell levels left.
You didn't know any spells.
Your spell library was empty.

Dungeon Overview and Level Annotations

Branches:
Dungeon (3/15)

Altars:


Innate Abilities, Weirdness & Mutations

You are partially covered in icy blue scales. (AC +2)
You are immune to rotting.


Message History

* * * LOW HITPOINT WARNING * * *
You feel better.
You barely miss something.
You hear some strange, mumbled words.
A puff of flame appears from out of thin air!
The puff of flame hits you.
* * * LOW HITPOINT WARNING * * *
Something hits you but does no damage.
You barely miss something. Something hits you but does no damage.
Unknown command.
You closely miss something.
You hear some strange, mumbled words.
Something tries to affect you, but you resist.
You closely miss something.
You hear some strange, mumbled words.
You are confused.
You hear some strange, mumbled words.
A puff of flame appears from out of thin air!
The puff of flame hits you!
You die...

#
#.##.############.#
..................#
.......$.!...####.#
##...##.###...###.#
#. ..............#
.....###.o.#####
....##.# ##{## #...
#.# #@# #.. #.# #)#
#. #.# #.# #.# ..#
##.# #.# ..# ###


You could see an orc.

Vanquished Creatures
  An orc wizard (D:3)
  4 adders
  2 worms (D:2)
  4 leopard geckos (D:1)
  3 orcs (D:3)
  A giant cockroach (D:1)
  6 goblins
  6 hobgoblins
  4 jackals (D:2)
  4 kobolds
  5 bats
  2 frilled lizards (D:2)
  6 rats
48 creatures vanquished.

Notes
Turn   | Place    | Note
-------+----------+-------------------------------------------
     0 | D:1      | Clowwww the Demonspawn Gladiator began the quest for the
                  | Orb.
     0 | D:1      | Reached XP level 1. HP: 16/16 MP: 1/1
   197 | D:1      | Gained mutation: You are immune to rotting. [demonic
                  | ancestry]
   197 | D:1      | Reached XP level 2. HP: 22/22 MP: 2/2
  1047 | D:2      | Gained mutation: You are partially covered in icy blue
                  | scales. (AC +2) [demonic ancestry]
  1047 | D:2      | Reached XP level 3. HP: 27/27 MP: 3/3
  1842 | D:2      | Reached XP level 4. HP: 15/33 MP: 4/4
  2295 | D:3      | Reached skill level 1 in Armour
  2421 | D:3      | Killed from afar by an orc wizard

Illustrated notes

Levels and vault maps discovered:
D:1:      elethiomel_arrival_maze, layout_basic, nrook_mini_vaults
D:2:      layout_basic
D:3:      layout_loops_ring, hangedman_abyss_or_decor_stabs, uniq_grinder

Skill      XL: |  1  2  3  4 |
---------------+-------------+-----
Axes           | 3 |  3.9
Dodging        | 3 |  3.3
Armour         | 1 |  1.5
Fighting       | |  2.4
Throwing       | |  1.8
Stealth        | |  0.5

Action                   |  1- 3 |  4- 6 || total
-------------------------+-------+-------++-------
Melee: War axe           |   128 |    49 ||   177
  Use: Scroll            |       |     6 ||     6
       Potion            |       |     5 ||     5
 Stab: Sleeping          |     1 |       ||     1
  Eat: Chunk             |     3 |     1 ||     4
Armor: Leather armour    |    44 |    22 ||    66
Dodge: Dodged            |   121 |    38 ||   159
